Map: Dragon Scales LE

Players

Clem - Winner!

  • Race: Terran Terran
  • Spawn Location: 5:00

MaxPax

  • Race: Protoss Protoss
  • League: Master
  • Spawn Location: 11:00

VOD

Have the link to the VOD?

Description

Time

  • Played on: July 19, 2023, 9:10 a.m.
  • Length: 11:46
Show
View Real Time Build Order
Export as new Build Order

Clem Terran - Winner!

Build Orders: Reaper Expand 

Get SALT Encoding   

  12  0:00  SCV  
  13  0:12  SCV  
  14  0:16  Supply Depot  
  14  0:24  SCV  
  15  0:38  SCV  
  15  0:40  Barracks  
  16  0:43  Refinery  
  16  0:50  SCV  
  17  1:02  SCV  
  18  1:14  SCV  
  19  1:26  Reaper  
  19  1:27  Orbital Command  
  20  1:47  Command Center  
  20  1:52  SCV, Supply Depot  
  21  1:58  Marine  
  22  2:04  SCV  
  22  2:08  Factory  
  23  2:16  Marine  
  23  2:17  SCV  
  23  2:21  Bunker  
  25  2:26  Refinery  
  25  2:29  SCV  
  26  2:35  Barracks Reactor  
  26  2:41  SCV  
  27  2:52  Hellion  
  27  2:53  SCV  
  27  2:55  Starport  
  30  2:59  Orbital Command  
  30  3:05  SCV  
  31  3:11  Marine  
  32  3:12  Marine  
  32  3:16  Hellion  
  32  3:17  SCV  
  35  3:20  Supply Depot  
  35  3:24  SCV  
  36  3:29  SCV, Marine  
  36  3:30  Marine  
  36  3:33  Medivac  
  41  3:36  SCV  
  44  3:41  SCV  
  44  3:47  Barracks  
  45  3:50  SCV  
  45  3:51  Factory Tech Lab, Marine  
  45  3:53  SCV, Marine  
  46  4:01  Supply Depot  
  46  4:02  SCV  
  47  4:03  Starport Tech Lab  
  47  4:05  SCV  
  47  4:09  Siege Tank  
  51  4:11  Marine  
  51  4:12  Marine  
  51  4:14  SCV  
  54  4:19  Barracks  
  54  4:23  SCV, Raven  
  54  4:24  Supply Depot  
  57  4:26  SCV  
  58  4:33  Marine x2  
  58  4:35  SCV  
  62  4:38  SCV  
  62  4:42  Supply Depot  
  62  4:45  Siege Tank, Marine  
  66  4:47  SCV  
  66  4:48  Engineering Bay  
  66  4:50  SCV  
  66  4:51  Refinery  
  68  4:53  Marine  
  68  4:54  Marine  
  70  5:03  SCV x2  
  72  5:07  Supply Depot  
  72  5:09  Marine  
  72  5:14  Marine  
  71  5:15  SCV x2  
  71  5:19  Siege Tank  
  74  5:24  Refinery  
  74  5:28  SCV, Stimpack, Marine, Marauder  
  77  5:30  SCV  
  77  5:32  Marine  
  77  5:35  Marine  
  81  5:40  SCV  
  81  5:42  SCV  
  83  5:43  Viking  
  83  5:48  Marine  
  81  5:52  SCV  
  81  5:53  Marine  
  81  5:54  Marine  
  84  6:02  Supply Depot, Marauder  
  84  6:03  Siege Tank  
  89  6:06  Marine  
  89  6:07  SCV  
  91  6:12  Supply Depot  
  91  6:13  Marine x2  
  84  6:24  Marauder  
  80  6:27  Barracks Tech Lab  
  80  6:28  Medivac  
  80  6:30  Supply Depot  
  80  6:31  Bunker  
  80  6:32  Marine x2  
  82  6:34  SCV x2  
  83  6:42  Supply Depot  
  83  6:46  SCV, Marauder  
  85  6:49  Marauder  
  85  6:50  SCV  
  85  6:52  Marine  
  85  6:53  Marine  
  88  6:58  SCV  
  86  7:05  Refinery  
  86  7:06  Refinery  
  86  7:07  Marauder  
  86  7:08  Siege Tank, SCV  
  91  7:13  Combat Shield  
  91  7:14  Marine x2  
  94  7:18  Marine  
  91  7:28  Marauder  
  93  7:35  Command Center, Marine x2  
  93  7:36  Starport Reactor  
  93  7:41  Marauder  
  93  7:42  Supply Depot  
  95  7:47  Factory Reactor  
  95  7:49  Barracks  
  95  7:51  Barracks  
  95  7:54  Marauder  
  95  7:55  SCV  
  95  7:56  SCV  
  97  7:58  Marine x2  
  97  8:04  Marauder  
  98  8:09  Supply Depot  
  98  8:10  Concussive Shells  
  98  8:13  Medivac x2  
  98  8:16  Marine x2  
  98  8:19  Marauder  
  106  8:23  Supply Depot  
  106  8:25  Terran Infantry Weapons Level 1  
  106  8:29  Widow Mine  
  106  8:30  Widow Mine  
  106  8:33  Marauder  
  112  8:34  Marine x2  
  112  8:39  Barracks Tech Lab  
  112  8:40  Supply Depot, Marauder  
  116  8:51  Widow Mine  
  116  8:52  Medivac, Marine x2  
  116  8:54  Marauder  
  124  8:57  Widow Mine, Supply Depot  
  124  8:58  Marine  
  124  9:02  Marauder  
  126  9:06  Marauder  
  126  9:10  Supply Depot  
  126  9:11  Marine x2  
  126  9:12  Widow Mine  
  126  9:15  Supply Depot  
  134  9:17  Marauder x2  
  134  9:18  Widow Mine  
  134  9:20  Supply Depot  
  134  9:24  Marauder  
  138  9:25  Viking  
  138  9:27  Marauder  
  138  9:29  Marine x2  
  142  9:32  Medivac  
  142  9:38  Marine  
  145  9:39  Widow Mine, Marauder  
  145  9:43  Supply Depot  
  147  9:46  Widow Mine  
  147  9:48  Marine x2, Marauder  
  147  9:49  Marauder  
  155  9:56  Marauder  
  157  10:01  Marauder  
  157  10:04  Medivac  
  161  10:07  Marine x2  
  163  10:15  Marauder  
  161  10:22  Marauder  
  161  10:24  Marine  
  161  10:28  Marauder  
  164  10:31  Marine  
  164  10:33  Marine  
  156  10:40  Marine  
  120  10:43  Marine  
  112  10:54  Marine  
  113  10:58  Marine  
  114  11:06  Medivac  
  114  11:11  SCV x2  
  118  11:18  Widow Mine  
  120  11:22  Marine  
  120  11:24  Widow Mine  
Show
View Real Time Build Order
Export as new Build Order

MaxPax Protoss 

Build Orders: 1 Gate Expand, Blink Stalkers, Colossi Deathball 

Get SALT Encoding   

  12  0:00  Probe  
  13  0:12  Probe  
  14  0:17  Pylon  
  14  0:24  Probe (Chrono Boost)  
  15  0:36  Gateway, Probe (Chrono Boost)  
  16  0:44  Probe (Chrono Boost)  
  16  0:45  Assimilator  
  17  0:51  Probe  
  18  1:03  Probe  
  19  1:15  Probe  
  20  1:23  Cybernetics Core  
  20  1:30  Nexus  
  20  1:33  Probe  
  21  1:41  Pylon  
  21  1:45  Probe  
  22  1:51  Assimilator  
  22  1:56  Adept (Chrono Boost)  
  22  1:57  Probe  
  22  2:01  Warp Gate  
  25  2:10  Probe  
  26  2:16  Stalker (Chrono Boost)  
  26  2:22  Probe  
  29  2:34  Twilight Council  
  29  2:36  Probe (Chrono Boost)  
  30  2:42  Probe (Chrono Boost)  
  31  2:48  Gateway  
  33  2:51  Probe x2 (Chrono Boost)  
  33  2:56  Probe (Chrono Boost)  
  33  2:58  Probe  
  35  3:08  Probe  
  35  3:10  Probe  
  35  3:11  Blink (Chrono Boost)  
  37  3:20  Probe  
  37  3:21  Robotics Facility  
  37  3:22  Probe  
  39  3:29  Gateway  
  39  3:33  Probe  
  40  3:34  Probe  
  40  3:37  Gateway  
  40  3:38  Pylon  
  41  3:45  Probe  
  41  3:46  Probe  
  43  3:57  Probe  
  43  3:59  Stalker x2  
  46  4:03  Probe  
  46  4:05  Assimilator  
  46  4:06  Pylon  
  46  4:08  Warp Prism (Chrono Boost)  
  47  4:13  Probe  
  50  4:23  Stalker x2  
  54  4:24  Stalker  
  54  4:31  Pylon  
  56  4:35  Pylon  
  56  4:39  Pylon  
  56  4:49  Observer  
  57  4:57  Stalker x4  
  57  4:59  Probe  
  65  5:14  Probe  
  65  5:20  Probe  
  64  5:23  Stalker x4  
  72  5:30  Nexus  
  72  5:39  Observer  
  66  5:52  Stalker x4  
  66  5:54  Stalker  
  66  5:55  Probe  
  66  5:56  Stalker x3  
  75  5:57  Probe  
  75  6:07  Probe  
  75  6:09  Probe  
  75  6:10  Charge  
  77  6:12  Observer  
  77  6:17  Observer  
  77  6:19  Probe  
  77  6:21  Probe  
  73  6:27  Stalker  
  73  6:28  Stalker x3  
  73  6:31  Probe  
  82  6:34  Probe  
  83  6:43  Probe  
  83  6:46  Probe  
  85  6:51  Stalker x3  
  82  6:57  Stalker x2  
  82  6:59  Probe (Chrono Boost)  
  82  7:00  Probe (Chrono Boost)  
  89  7:02  Probe (Chrono Boost)  
  90  7:10  Probe (Chrono Boost)  
  90  7:11  Probe (Chrono Boost)  
  90  7:12  Probe (Chrono Boost)  
  90  7:13  Gateway  
  90  7:15  Probe (Chrono Boost)  
  90  7:16  Gateway  
  90  7:19  Probe  
  90  7:21  Observer  
  90  7:22  Probe  
  89  7:23  Stalker x3  
  89  7:27  Probe  
  96  7:32  Probe  
  96  7:34  Probe  
  98  7:38  Forge  
  98  7:39  Observer, Probe  
  98  7:42  Gateway  
  98  7:43  Pylon  
  98  7:44  Gateway, Probe  
  101  7:46  Pylon, Gateway  
  101  7:47  Assimilator  
  101  7:50  Pylon  
  101  7:59  Probe x2  
  101  8:01  Probe  
  98  8:08  Gateway  
  98  8:10  Stalker  
  98  8:11  Sentry, Pylon, Zealot  
  98  8:12  Zealot x3  
  112  8:16  Immortal (Chrono Boost)  
  113  8:23  Protoss Ground Weapons Level 1  
  113  8:24  Pylon  
  113  8:30  Nexus  
  111  8:37  Zealot x4  
  119  8:44  Robotics Bay  
  119  8:49  Zealot, Assimilator  
  119  8:50  Zealot x2  
  125  8:57  Templar Archives  
  123  9:10  Zealot x6  
  135  9:19  Zealot x3  
  135  9:22  Pylon  
  141  9:38  Pylon  
  139  9:39  Colossus (Chrono Boost)  
  141  9:52  Zealot x2  
  141  9:53  Zealot x7  
  141  9:59  Probe  
  160  10:00  Shield Battery  
  158  10:11  Zealot  
  156  10:26  Zealot x8  
  168  10:30  Colossus (Chrono Boost)  
  144  10:41  Zealot x2  
  101  10:47  High Templar  
  101  10:48  Zealot x2, High Templar x5  
  97  10:51  Archon  
  97  10:52  Archon x2  
  91  11:03  Zealot x2  
  89  11:09  Zealot x2  
  92  11:20  Zealot x6  
Tags
 
Add a new tag
Caveats
  • Supply blocks, unpowered buildings, or Contaminate may cause inaccurate times.
  • Supply counts are checked every 10 seconds.